 Dungeon Crawl Stone Soup version 0.29.1-2-gbd0b4ee654 (webtiles) character file.

Game seed: 3611027210584886521

69 LustLizard the Firebug (level 4, -4/35 HPs)
             Began as a Hill Orc Fire Elementalist on Nov 8, 2022.
             Killed from afar by a white imp (14 damage)
             ... with a puff of frost
             ... summoned by Natasha
             ... on level 2 of the Dungeon.
             The game lasted 00:04:37 (2873 turns).

LustLizard the Firebug (Hill Orc Fire Elementalist) Turns: 2873, Time: 00:04:39

Health: -4/35      AC:  2    Str: 10    XL:     4   Next: 20%
Magic:  1/6        EV: 12    Int: 17    God:
Gold:   46         SH:  0    Dex: 11    Spells: 3/6 levels left

rFire   . . .      SeeInvis .   f - +0 short sword
rCold   . . .      Faith    .   (no shield)
rNeg    . . .      Spirit   .   a - +0 robe
rPois   .          Reflect  .   (no helmet)
rElec   .          Harm     .   (no cloak)
rCorr   .          Rampage  .   (no gloves)
Will    .....                   (no boots)
Stlth   ++........              (no amulet)
HPRegen 0.11/turn               (no ring)
MPRegen 0.10/turn               (no ring)

@: slowed, very slow
A: no striking features
a: no special abilities


You were on level 2 of the Dungeon.
You visited 1 branch of the dungeon, and saw 2 of its levels.

You collected 46 gold pieces.

Inventory:

Hand Weapons
 c - a +0 dagger
 f - a +0 short sword (weapon)
Missiles
 g - 11 poisoned darts (quivered)
Armour
 a - a +0 robe (worn)
Scrolls
 h - a scroll of noise {unknown}
 j - a scroll of brand weapon {unknown}
 k - a scroll of silence {unknown}
 l - a scroll of enchant armour {unknown}
 m - 3 scrolls of teleportation {unknown}
 n - 2 scrolls of identify {unknown}
 o - a scroll of fear {unknown}
Potions
 b - 2 potions of magic
 d - a potion of lignification {unknown}
 e - 2 potions of cancellation {unknown}
 i - a potion of ambrosia {unknown}
 p - 2 potions of curing {unknown}
 q - a potion of degeneration {unknown}


   Skills:
 + Level 1.0 Fighting
 - Level 1.5 Dodging
 * Level 2.3 Stealth
 + Level 1.8 Spellcasting
 * Level 2.1 Conjurations
 * Level 4.0 Fire Magic


You had 3 spell levels left.
You knew the following spells:

 Your Spells              Type           Power      Damage    Failure   Level
a - Foxfire               Conj/Fire      48%        2x1d6     5%          1
b - Scorch                Fire           30%        2d6       5%          2

Your spell library contained the following spells:

 Spells                   Type           Power      Damage    Failure   Level
 Conjure Flame            Conj/Fire      12%        6-21      17%         3
 Inner Flame              Hex/Fire       8%         N/A       26%         3
 Dazzling Flash           Conj/Hex       10%        N/A       36%         3
 Flame Wave               Conj/Fire      12%        2d6       50%         4
 Iskenderun's Mystic Bla  Conj/Tloc      5%         2d3       77%         4
 Starburst                Conj/Fire      6%         6d4       100%        6


Dungeon Overview and Level Annotations

Branches:
Dungeon (2/15)

Altars:

Annotations:
D:2 Natasha


Message History

Natasha mumbles some strange words.
You hit Natasha.
Natasha is moderately wounded.
The foxfire hits Natasha.
Natasha is heavily wounded.
Natasha casts a spell at you.
You feel yourself slow down. Natasha barely misses you.
Unknown command.
Casting: Foxfire (safe; 5% risk of failure)
Confirm with . or Enter, or press ? or * to list all spells.
You conjure some foxfire!
The crimson imp blinks!
Natasha casts a spell at you. You resist with some effort.
You barely miss Natasha.
Natasha is heavily wounded.
The foxfire hits Natasha but does no damage.
Natasha is heavily wounded.
Natasha mumbles some strange words.
The crimson imp blinks!
Natasha barely misses you.
Unknown command.
Casting: Foxfire (safe; 5% risk of failure)
Confirm with . or Enter, or press ? or * to list all spells.
You conjure some foxfire!
Natasha barely misses you.
The foxfire hits the white imp but does no damage.
Your magical contamination has completely faded away.
You hit Natasha but do no damage.
Natasha is heavily wounded.
Natasha claws you but does no damage. Natasha barely misses you.
The white imp hits you. The white imp freezes you.
You closely miss Natasha.
Natasha is heavily wounded.
Natasha casts a spell.
The white imp hits you. The white imp freezes you. Natasha claws you.
You hit Natasha but do no damage.
Natasha is heavily wounded.
The white imp hits you. The white imp freezes you. Natasha claws you.
* * * LOW HITPOINT WARNING * * *
The white imp gestures at you. The puff of frost hits you!
You die...

#.........#
#....)..####
#.#######.#
####.#### #.# #.#
#.# #.# #.# #.#
..# #.# #.#
#.#######.# #.#
#.#.>...#.# #5#
#.#.###.#.######h#
#...# #.......55@#
###.###.##########
#.....# #######


You could see Natasha, a crimson imp (summoned) and 2 white imps.

Vanquished Creatures
  2 adders (D:2)
  2 dart slugs (D:1)
  4 bats
  5 endoplasms
  4 giant cockroaches (D:2)
  2 goblins (D:1)
  A hobgoblin (D:2)
  2 jackals (D:2)
  2 quokkas
  5 ball pythons
  5 frilled lizards
  6 kobolds
  3 rats
43 creatures vanquished.

Vanquished Creatures (others)
  125 foxfires
125 creatures vanquished.

Grand Total: 168 creatures vanquished

Notes
Turn   | Place    | Note
-------+----------+-------------------------------------------
     0 | D:1      | LustLizard the Hill Orc Fire Elementalist began the quest
                  | for the Orb.
     0 | D:1      | Reached XP level 1. HP: 14/14 MP: 3/3
   325 | D:1      | Reached XP level 2. HP: 20/20 MP: 0/4
  1366 | D:2      | Reached XP level 3. HP: 26/27 MP: 0/5
  1428 | D:2      | Learned a level 2 spell: Scorch
  2242 | D:2      | Reached skill level 1 in Fighting
  2420 | D:2      | Reached XP level 4. HP: 33/35 MP: 0/6
  2786 | D:2      | Reached skill level 4 in Fire Magic
  2852 | D:2      | Noticed Natasha
  2873 | D:2      | Killed from afar by a white imp

Illustrated notes

Levels and vault maps discovered:
D:1:      lemuel_arrival_tunnels, layout_loops_corners, amethyst_killhole
D:2:      layout_loops_corners, minmay_worlds_worst_comb, uniq_natasha

Skill      XL: |  1  2  3  4 |
---------------+-------------+-----
Stealth        | 2 |  2.3
Conjurations   | 2 |  2.1
Fighting       | 1 |  1.0
Fire Magic     | 4 |  4.0
Dodging        | |  1.5
Spellcasting   | |  1.8

Action                   |  1- 3 |  4- 6 || total
-------------------------+-------+-------++-------
Melee: Dagger            |     6 |       ||     6
       Short sword       |    15 |     6 ||    21
 Cast: Foxfire           |    67 |    17 ||    84
Armor: Robe              |     8 |     2 ||    10
Dodge: Dodged            |    18 |     4 ||    22
